 Dungeon Crawl Stone Soup version 0.30-a0-618-gd6c86c23d0 (webtiles) character file.

Game seed: 14325535781783420407

26523 Dirtsage the Basher (level 12, -9/100 HPs)
             Began as a Demonspawn Fighter on Jan 9, 2023.
             Was an Elder of Ru.
             Mangled by a swamp worm (14 damage)
             ... on level 4 of the Lair of Beasts.
             The game lasted 00:28:00 (9837 turns).

Dirtsage the Basher (Demonspawn Fighter)            Turns: 9837, Time: 00:28:01

Health: -9/100     AC: 16    Str: 20    XL:     12   Next: 99%
Magic:  12/12      EV: 16    Int:  9    God:    Ru [****..]
Gold:   964        SH: 11    Dex: 13    Spells: 11/11 levels left

rFire   . . .      SeeInvis +    b - +1 morningstar (flame)
rCold   + . .      Faith    .    R - +0 kite shield
rNeg    . . .      Spirit   .    A - +1 scale mail {rPois}
rPois   +          Reflect  .    u - +1 hat
rElec   .          Harm     .    L - +1 cloak
rCorr   +          Rampage  .    o - +0 pair of gloves
Will    .....                    H - +1 pair of boots "Afuifiw" {rCorr} Stlth
                                 n - amulet of regeneration
HPRegen 1.16/turn                e - +5 ring of evasion
MPRegen 0.13/turn                S - ring of see invisible

@: agile
A: hooves 2, repulsion field 2, foul stench 1, powered by pain 1, inability to
use devices, hated by all, reduced EV 1, cold resistance 1, weak 1
a: Renounce Religion, Draw Out Power, Power Leap


You were on level 4 of the Lair of Beasts.
You worshipped Ru.
Ru was greatly pleased with you.
You visited 3 branches of the dungeon, and saw 14 of its levels.

You collected 994 gold pieces.
You spent 30 gold pieces at shops.

Inventory:

Hand Weapons
 a - a +0 flail
 b - a +1 morningstar of flaming (weapon)
 D - a +0 flail of protection
Missiles
 E - 3 throwing nets (quivered)
Armour
 c - a +0 buckler
 o - a +0 pair of gloves (worn)
 u - a +1 hat (worn)
 x - a +0 cloak
 A - a +1 scale mail of poison resistance (worn)
 H - the +1 pair of boots "Afuifiw" (worn) {rCorr}
   (You found it on level 2 of the Dungeon)

   rCorr:     It protects you from acid and corrosion.
 J - quicksilver dragon scales
 L - a +1 cloak (worn)
 R - a +0 kite shield (worn)
Magical Staves
 r - a staff of conjuration
 z - a staff of poison
Jewellery
 e - a +5 ring of evasion (left hand)
 n - an amulet of regeneration (around neck)
 w - a ring of fire
 M - a +6 ring of dexterity
 N - a ring of positive energy
 P - a ring of poison resistance
 Q - a ring of magical power
 S - a ring of see invisible (right hand)
 U - an amulet of faith
 V - a ring of ice
 W - a ring of wizardry
Scrolls
 d - 3 scrolls of fog
 g - 3 scrolls of fear
 i - 3 scrolls of identify
 k - a scroll of enchant armour
 m - 2 scrolls of immolation
 p - 4 scrolls of magic mapping
 s - 3 scrolls of enchant weapon
 t - 2 scrolls of teleportation
 v - a scroll of brand weapon
 y - 4 scrolls of silence
 B - 2 scrolls of blinking
 C - a scroll of amnesia
 K - a scroll of vulnerability
Potions
 f - a potion of brilliance
 h - 3 potions of haste
 j - 4 potions of flight
 l - a potion of heal wounds
 q - 2 potions of curing
 G - 2 potions of lignification
 I - 3 potions of mutation


   Skills:
 + Level 11.0 Fighting
 * Level 13.2 Maces & Flails
 + Level 9.2 Armour
 + Level 9.3 Shields


You had 11 spell levels left.
You didn't know any spells.
Your spell library contained the following spells:

 Spells                   Type           Power      Damage    Failure   Level
 Kiss of Death            Conj/Necr      0%         2d5       93%         1
 Magic Dart               Conj           0%         1d3       93%         1
 Blink                    Tloc           0%         N/A       98%         2
 Momentum Strike          Conj/Tloc      0%         3d8       98%         2
 Sublimation of Blood     Necr           0%         N/A       98%         2
 Confusing Touch          Hex            0%         N/A       100%        3
 Frozen Ramparts          Ice            0%         1d1       100%        3
 Lesser Beckoning         Tloc           0%         N/A       100%        3
 Mephitic Cloud           Conj/Pois/Air  0%         N/A       100%        3
 Spider Form              Tmut/Pois      0%         N/A       100%        3
 Stone Arrow              Conj/Erth      0%         3d7       100%        3
 Airstrike                Air            0%         2d(0-16)  100%        4
 Dispel Undead            Necr           0%         3d6       100%        4
 Ice Form                 Ice/Tmut       0%         N/A       100%        4
 Manifold Assault         Tloc           0%         N/A       100%        4
 Petrify                  Tmut/Erth      0%         N/A       100%        4
 Alistair's Intoxication  Tmut/Pois      0%         N/A       100%        5
 Blade Hands              Tmut           0%         N/A       100%        5
 Irradiate                Conj/Tmut      0%         3d11      100%        5
 Lightning Bolt           Conj/Air       0%         1d11      100%        5
 Eringya's Noxious Bog    Tmut/Pois      0%         N/A       100%        6
 Storm Form               Tmut/Air       0%         N/A       100%        7
 Lehudib's Crystal Spear  Conj/Erth      0%         10d2      100%        8
 Call Imp                 Summ           Unusable   N/A       N/A         2
 Animate Armour           Summ/Erth      Unusable   N/A       N/A         4
 Summon Ice Beast         Ice/Summ       Unusable   N/A       N/A         4
 Summon Lightning Spire   Summ/Air       Unusable   N/A       N/A         4

Dungeon Overview and Level Annotations

Branches:
Dungeon (9/15)             Temple (1/1) D:5            Lair (4/5) D:9
 Shoals (0/4) Lair:2        Snake (0/4) Lair:2
  Slime: Lair:4-5       Orc: D:9-12

Altars:
Ashenzari
Cheibriados
Dithmenos
Gozag
Kikubaaqudgha
Makhleb
Nemelex Xobeh
Okawaru
Qazlal
Ru
Sif Muna
Trog
Uskayaw
Vehumet
Wu Jian
Xom

Shops:
D:3 !


Innate Abilities, Weirdness & Mutations

You have hoof-like feet.
You are surrounded by a moderate repulsion field. (EV +3)
You may rarely emit foul miasma when damaged in melee.
You sometimes gain a little power by taking damage.
You cannot study or use magical devices.
You are hated by all.
You have somewhat slow reflexes. (EV -5)
Your flesh is cold resistant. (rC+)
You are weak. (Str -2)


Message History

You focus your inner power and blind the swamp worm in retribution!
You take 13 damage, and have 57/100 hp.
The swamp worm attacks as you move away!
You block the swamp worm's attack.
The swamp worm fires a harpoon shot at the swamp worm.
The harpoon shot hits the swamp worm!
The swamp worm fires a harpoon shot at the swamp worm.
The harpoon shot hits the swamp worm!
The swamp worm attacks as you move away!
You block the swamp worm's attack.
The swamp worm fires a harpoon shot at you.
The harpoon shot hits you!
You are yanked forward by the harpoon shot.
You block the swamp worm's attack.
You take 8 damage, and have 51/100 hp.
The swamp worm attacks as you move away!
The swamp worm bites you.
The swamp worm attacks as you move away!
The swamp worm bites you but does no damage.
The swamp worm fires a harpoon shot at you.
The harpoon shot hits you!
You are yanked forward by the harpoon shot.
The swamp worm bites you but does no damage.
The swamp worm fires a harpoon shot at you.
The harpoon shot hits the swamp worm!
The swamp worm bites you!
* * * LOW HITPOINT WARNING * * *
You take 32 damage, and have 19/100 hp.
MASSIVE DAMAGE!!
The swamp worm attacks as you move away!
You block the swamp worm's attack.
The swamp worm attacks as you move away!
The swamp worm bites you but does no damage.
The swamp worm fires a harpoon shot at you.
The harpoon shot hits you!
* * * LOW HITPOINT WARNING * * *
You focus on the pain.
You feel agile all of a sudden.
You are yanked forward by the harpoon shot.
The swamp worm closely misses you. You block the swamp worm's attack.
The swamp worm bites you!
You die...

#....###........##~
#P....#....(...##~#
#....P##......~~~~~
##....####...~~≈~≈~
#....###...~~~~###~
##....##..~~≈### ##
##...###..~~~#~)~(
##Pww..#...~~P~(~~~
#..@w......~~~#~~~~
#..#w......~~≈###~##
#.P#........~~~~###~
##.###...#.....~~≈~≈~
#..# ##...#.....~~~~~
##.#####.#........##.
#P.#.##..............
#........^...........
#....................


You could see 4 swamp worms.

Vanquished Creatures
  A two-headed ogre (D:9)
  A boulder beetle (Lair:4)
  5 elephants (Lair:3)
  A merfolk siren (Lair:2)
  4 black mambas
  A torpor snail (Lair:1)
  11 cane toads
  3 rime drakes
  4 komodo dragons
  A troll (D:4)
  3 merfolk (Lair:2)
  2 polar bears
  A hornet (D:8)
  11 dream sheep (Lair:4)
  17 blink frogs
  3 wyverns
  Grum (D:8)
  30 yaks
  2 steam dragons
  A basilisk (Lair:3)
  Edmund (D:4)
  3 nagas (Lair:2)
  7 water moccasins
  2 sky beasts
  An orc warrior (D:7)
  4 black bears
  3 ice beasts
  2 ogres
  12 wolves
  3 centaurs (D:7)
  13 bullfrogs
  2 kobold brigands
  Blork the orc (D:6)
  3 scorpions
  A necrophage (D:6)
  2 gnoll sergeants (D:6)
  2 howler monkeys (D:8)
  4 hounds
  A jelly (D:4)
  3 orc priests
  Ijyb (D:4)
  3 orc wizards
  8 iguanas
  10 gnolls
  5 adders
  4 shadow imps
  9 white imps
  A worm (D:4)
  5 dart slugs
  21 orcs
  10 ball pythons
  10 endoplasms
  4 giant cockroaches
  7 goblins
  6 hobgoblins
  4 jackals (D:2)
  16 kobolds
  4 quokkas
  5 bats
  5 frilled lizards
  6 rats
317 creatures vanquished.

Vanquished Creatures (others)
  A wolf (Lair:2)
  An orc wizard (D:7)
  16 fungi
  12 plants
30 creatures vanquished.

Grand Total: 347 creatures vanquished

Notes
Turn   | Place    | Note
-------+----------+-------------------------------------------
     0 | D:1      | Dirtsage the Demonspawn Fighter began the quest for the
                  | Orb.
     0 | D:1      | Reached XP level 1. HP: 18/18 MP: 1/1
    55 | D:1      | Reached skill level 2 in Maces & Flails
   160 | D:1      | Gained mutation: You sometimes gain a little power by
                  | taking damage. [demonic ancestry]
   160 | D:1      | Reached XP level 2. HP: 22/24 MP: 2/2
   441 | D:1      | Reached skill level 3 in Maces & Flails
   569 | D:1      | Reached XP level 3. HP: 29/29 MP: 3/3
   802 | D:2      | Identified the +1 pair of boots "Afuifiw" {rCorr}
   961 | D:2      | Reached XP level 4. HP: 35/35 MP: 4/4
  1323 | D:3      | Reached skill level 4 in Maces & Flails
  1341 | D:3      | Found Sealuot's Distillery.
  1350 | D:3      | Bought a potion of curing for 30 gold pieces
  1375 | D:3      | Found a faded altar of an unknown god.
  1680 | D:4      | Reached XP level 5. HP: 38/42 MP: 5/5
  1826 | D:4      | Gained mutation: You may rarely emit foul miasma when
                  | damaged in melee. [demonic ancestry]
  1826 | D:4      | Reached XP level 6. HP: 49/49 MP: 6/6
  2071 | D:4      | Noticed Edmund
  2083 | D:4      | Reached skill level 5 in Maces & Flails
  2090 | D:4      | Killed Edmund
  2091 | D:4      | Reached skill level 5 in Fighting
  2197 | D:4      | Noticed Ijyb
  2221 | D:4      | Killed Ijyb
  2363 | D:5      | Entered Level 5 of the Dungeon
  2365 | D:5      | Noticed a troll
  2386 | D:5      | Found a staircase to the Ecumenical Temple.
  2401 | D:5      | Gained mutation: You have large cloven feet. [demonic
                  | ancestry]
  2401 | D:5      | Reached XP level 7. HP: 50/56 MP: 7/7
  2404 | Temple   | Entered the Ecumenical Temple
  2444 | Temple   | Became a worshipper of Ru the Awakened
  2513 | D:4      | Gained mutation: You are weak. (Str -2) [potion of
                  | mutation]
  2513 | D:4      | Gained mutation: Your flesh is cold resistant. (rC+)
                  | [potion of mutation]
  2521 | D:4      | Killed a troll
  2763 | D:5      | Reached skill level 6 in Maces & Flails
  2878 | D:5      | Gained mutation: You have hoof-like feet. [demonic
                  | ancestry]
  2878 | D:5      | Reached XP level 8. HP: 59/64 MP: 8/8
  3388 | D:6      | Gained mutation: You cannot study or use magical devices.
                  | [Ru sacrifice]
  3388 | D:6      | Reached * piety under Ru
  3388 | D:6      | Reached ** piety under Ru
  3442 | D:6      | Got Qinox's Omnibus of Teratogeny
  3583 | D:6      | Noticed Blork the orc
  3591 | D:6      | Killed Blork the orc
  3643 | D:6      | Reached skill level 7 in Maces & Flails
  3795 | D:6      | Found an ornate altar of the Wu Jian Council.
  3797 | D:6      | Found a snail-covered altar of Cheibriados.
  3800 | D:6      | Found a bloodstained altar of Trog.
  3801 | D:6      | Found a broken altar of Ashenzari.
  3801 | D:6      | Found an ancient bone altar of Kikubaaqudgha.
  3801 | D:6      | Found an opulent altar of Gozag.
  3803 | D:6      | Found a hazy altar of Hepliaklqana.
  3804 | D:6      | Found a hide-covered altar of Uskayaw.
  3805 | D:6      | Found a radiant altar of Vehumet.
  3806 | D:6      | Found a sparkling altar of Nemelex Xobeh.
  3993 | D:6      | Got the Discourse on Envenoming
  4171 | D:7      | Gained mutation: You are surrounded by a mild repulsion
                  | field. (EV +2) [demonic ancestry]
  4171 | D:7      | Reached XP level 9. HP: 71/71 MP: 9/9
  4276 | D:7      | Reached skill level 5 in Armour
  4305 | D:7      | Reached skill level 5 in Shields
  4399 | D:7      | Reached skill level 8 in Maces & Flails
  5023 | D:8      | Gained mutation: You are surrounded by a moderate repulsion
                  | field. (EV +3) [demonic ancestry]
  5023 | D:8      | Reached XP level 10. HP: 72/80 MP: 10/10
  5050 | D:8      | Noticed Grum
  5066 | D:8      | Killed Grum
  5067 | D:8      | Reached skill level 9 in Maces & Flails
  5603 | D:9      | Gained mutation: You are hated by all. [Ru sacrifice]
  5603 | D:9      | Reached *** piety under Ru
  5619 | D:9      | Noticed a two-headed ogre
  5668 | D:9      | Killed a two-headed ogre
  5782 | D:9      | Reached skill level 10 in Maces & Flails
  5867 | D:9      | Found a staircase to the Lair.
  5905 | Lair:1   | Entered Level 1 of the Lair of Beasts
  6104 | Lair:1   | Noticed a cane toad
  6113 | Lair:1   | Killed a cane toad
  6114 | Lair:1   | Reached XP level 11. HP: 66/89 MP: 11/11
  6496 | Lair:1   | HP: 4/89 [cane toad (16)]
  6609 | Lair:1   | Reached skill level 11 in Maces & Flails
  6996 | Lair:2   | You fall into a shaft and drop 2 floors!
  7257 | Lair:2   | Gained mutation: You have somewhat slow reflexes. (EV -5)
                  | [Ru sacrifice]
  7257 | Lair:2   | Reached **** piety under Ru
  7375 | Lair:2   | Found a staircase to the Shoals.
  7654 | Lair:2   | Reached skill level 10 in Fighting
  7665 | Lair:2   | Reached XP level 12. HP: 76/97 MP: 12/12
  7759 | Lair:2   | Reached skill level 12 in Maces & Flails
  8062 | Lair:2   | Found a staircase to the Snake Pit.
  9249 | Lair:4   | Reached skill level 13 in Maces & Flails
  9356 | Lair:4   | Noticed a boulder beetle
  9386 | Lair:4   | Killed a boulder beetle
  9837 | Lair:4   | HP: 5/100 [swamp worm/harpoon shot (15)]
  9837 | Lair:4   | Mangled by a swamp worm

Illustrated notes

Levels and vault maps discovered:
D:1:      minmay_arrival_solitary_statue, layout_loops_cross
D:2:      layout_rooms, st_stairs_1, minmay_misc_feat_nine_boxes
D:3:      layout_rooms, nicolae_ecumenical_lake_church, serial_shops,
          nicolae_shop_stone
D:4:      layout_rooms, st_stairs_11, chequers_serial_rivers_room_b,
          grunt_ministairs_12, uniq_edmund, uniq_ijyb
D:5:      layout_gridville, tso_altar, minmay_temple_entry_drinking_statues
D:6:      layout_rooms, minitemple, nrook_pool_corridor,
          hangedman_abyss_or_decor_stabs, uniq_blork_the_orc
D:7:      minmay_the_grid_square_5x5_3x3 [minmay_the_grid_square_5x5_forky,
          minmay_the_grid_square_5x5_one_wall,
          minmay_the_grid_square_5x5_three_walls,
          minmay_the_grid_square_5x5_shuriken,
          minmay_the_grid_square_5x5_megaprize_hollow,
          minmay_the_grid_square_5x5_mess,
          minmay_the_grid_square_5x5_checkered_statues,
          minmay_the_grid_square_5x5_seven, minmay_the_grid_square_5x5_inner_z],
          layout_rooms
D:8:      black_bear_nest_1, layout_loops_ring, uniq_grum
D:9:      layout_loops_cross, david_lair_shrubbed
Temple:   hellmonk_temple_of_storms
Lair:1:   layout_gridlike, hangedman_lair_generics_rect
Lair:2:   layout_chaotic_city, elwin_shoals_entry_stream,
          nicolae_snake_entry_squirm
Lair:3:   layout_regular_city, lemuel_fruit_tree
Lair:4:   layout_gridlike, worms_lemuel

Skill      XL: |  1  2  3  4  5  6  7  8  9 10 11 12 |
---------------+-------------------------------------+-----
Maces & Flails | 2 3 4 5 6 7 8 10 11 13 | 13.2
Fighting       | 4 5 6 7 9 10 11 | 11.0
Armour         | 3 4 5 7 8 9 |  9.2
Shields        | 3 4 5 7 8 9 |  9.3

Action                   |  1- 3 |  4- 6 |  7- 9 | 10-12 || total
-------------------------+-------+-------+-------+-------++-------
Melee: Flail             |   118 |   202 |   459 |   261 ||  1040
       Morningstar       |       |       |       |   586 ||   586
Throw: Throwing net      |       |     2 |       |       ||     2
Invok: Sacrifice Artific |       |       |     1 |       ||     1
       Sacrifice Love    |       |       |       |     1 ||     1
       Sacrifice Health  |       |       |       |     1 ||     1
       Reject Sacrifices |       |       |       |     1 ||     1
  Use: Potion            |       |     1 |     5 |    10 ||    16
       Scroll            |       |       |       |    15 ||    15
 Stab: Held in net/web   |       |     1 |       |       ||     1
       Distracted        |       |       |     2 |     5 ||     7
       Invisible         |       |       |     2 |     2 ||     4
Armor: Scale mail        |    42 |    79 |   153 |   196 ||   470
       Quicksilver drago |       |       |    34 |    51 ||    85
       Skin              |       |       |       |     2 ||     2
Dodge: Dodged            |    63 |   152 |   324 |   473 ||  1012
Block: Buckler           |    34 |    47 |    80 |    42 ||   203
       Kite shield       |       |       |       |   410 ||   410

Table legend: (Time is in decaauts)
 A = Elapsed time spent in this place.
 B = Non-inter-level travel time spent in this place.
 C = Inter-level travel time spent in this place.
 D = Time resting spent in this place.
 E = Time spent auto-exploring this place.
 F = Levels seen in this place.
 G = Mean time per level.
                   A        B        C        D        E       F      G
               +--------+--------+--------+--------+--------+-----+--------+
         Total |  10003 |   9704 |    299 |      0 |   6793 |  14 |  714.5 |
       Dungeon |   5958 |   5748 |    210 |      0 |   3884 |   9 |  662.0 |
        Temple |     51 |     41 |     10 |      0 |     26 |   1 |   51.0 |
          Lair |   3993 |   3914 |     79 |      0 |   2882 |   4 |  998.2 |
               +--------+--------+--------+--------+--------+-----+--------+

Top non-repeatable levels by time:
  Lair:1: 1105 daAuts
  Lair:4: 1076 daAuts
  Lair:2: 964 daAuts
     D:5: 918 daAuts
  Lair:3: 847 daAuts
     D:4: 810 daAuts
     D:8: 794 daAuts
     D:6: 724 daAuts
     D:1: 710 daAuts
     D:7: 651 daAuts
     D:2: 593 daAuts
     D:3: 409 daAuts
     D:9: 346 daAuts
  Temple: 51 daAuts
